 Dungeon Crawl Stone Soup version 0.22-a0-142-g91cc6d715c (console) character file.

106 Abracadabra the Chopper (level 4, 0/40 HPs)
             Began as a Hill Orc Fighter on Feb 5, 2018.
             Slain by an adder (1 damage)
             ... on level 3 of the Dungeon.
             The game lasted 00:10:42 (1808 turns).

Abracadabra the Chopper (Hill Orc Fighter)          Turns: 1808, Time: 00:10:42

Health: 0/40       AC:  7    Str: 19    XL:     4   Next: 84%
Magic:  4/4        EV:  7    Int:  8    God:
Gold:   114        SH:  9    Dex: 10    Spells: 3/3 levels left

rFire    + . .     SeeInvis .   a - +0 war axe
rCold    + . .     Gourm    .   c - +0 shield
rNeg     . . .     Faith    .   b - +0 scale mail
rPois    +         Spirit   .   (no helmet)
rElec    +         Reflect  .   (no cloak)
rCorr    +         Harm     .   (no gloves)
MR       .....                  (no boots)
Stlth    ..........             (no amulet)
HPRegen  0.13/turn              (no ring)
MPRegen  0.09/turn              (no ring)

@: resistant
A: no striking features
a: no special abilities


You were on level 3 of the Dungeon.
You were not hungry.

You visited 1 branch of the dungeon, and saw 3 of its levels.

You collected 114 gold pieces.

Inventory:

Hand Weapons
 a - a +0 war axe (weapon)
Armour
 b - a +0 scale mail (worn)
 c - a +0 shield (worn)
Scrolls
 e - a scroll of identify
 h - a scroll of immolation {unknown}
 l - 2 scrolls of fear
 n - a scroll of remove curse {unknown}
Comestibles
 f - 5 rations


   Skills:
 + Level 4.1 Fighting
 + Level 4.7 Axes
 + Level 4.0 Armour
 + Level 0.4 Dodging
 + Level 3.7 Shields


You had 3 spell levels left.
You didn't know any spells.

Dungeon Overview and Level Annotations

Branches:
Dungeon (3/15)

Altars:
Hepliaklqana

Annotations:
D:3 Crazy Yiuf


Message History

You block the bat's attack.
Crazy Yiuf says, "Seed aubergine bag!"
Your surroundings suddenly seem different.
The quokka barely misses you.
A giant cockroach comes into view.
The giant cockroach waves its antennae.
Found a ration, a lumpy red potion and a scroll labeled YRHINI QIHY. 2 adders, 2 quokkas and a giant cockroach come into view.
The quokka bites you but does no damage.
You feel sick. You block the adder's attack. You block the quokka's attack.
You block the adder's attack.
You feel sick.
You are no longer poisoned.
The quokka barely misses you. The adder bites you.
* * * LOW HITPOINT WARNING * * *
The adder bites you.
You die...

############
#..........#
#....?.....#
#..........#
#..........#
#.........s#####
#......%..r.SS.##
#.........r###@.#
###....##### ##.#
#....# ... #....#
#### #!...#
#....# #....#
#....#


You could see 2 adders, a quokka and a giant cockroach.

Vanquished Creatures
  Natasha (twice) (D:2)
  An adder (D:2)
  An ooze (D:2)
  2 leopard geckos (D:1)
  6 bats (D:1)
  A giant cockroach (D:2)
  5 goblins
  5 hobgoblins
  2 jackals (D:1)
  3 kobolds
  A quokka (D:2)
  6 frilled lizards
  7 rats
42 creatures vanquished.

Notes
Turn   | Place    | Note
-------+----------+-------------------------------------------
     0 | D:1      | Abracadabra the Hill Orc Fighter began the quest for the Orb.
     0 | D:1      | Reached XP level 1. HP: 19/19 MP: 1/1
   144 | D:1      | Reached XP level 2. HP: 24/27 MP: 2/2
   385 | D:1      | Reached XP level 3. HP: 29/33 MP: 3/3
   490 | D:1      | You fall through a shaft!
   856 | D:2      | Found a runed door.
  1200 | D:2      | Reached XP level 4. HP: 39/40 MP: 4/4
  1216 | D:2      | Found a hazy altar of Hepliaklqana.
  1242 | D:2      | Noticed Natasha
  1252 | D:2      | Killed Natasha
  1665 | D:2      | Noticed Natasha
  1674 | D:2      | Killed Natasha
  1764 | D:2      | Noticed Crazy Yiuf
  1805 | D:3      | HP: 1/40 [adder (2)]
  1808 | D:3      | Slain by an adder

Vault maps used:
D:1:      erik_arrival_triangle_large
D:2:      marbit_many_paths, first_ration, uniq_natasha, uniq_crazy_yiuf_cottage
D:3:      yredelemnul_altar_generic, minmay_stone_trees_small

Skill      XL: |  1  2  3  4 |
---------------+-------------+-----
Axes           | 3 4 |  4.7
Fighting       | 4 |  4.1
Armour         | 4 |  4.0
Dodging        | |  0.4
Shields        | |  3.7

Action                   |  1- 3 |  4- 6 || total
-------------------------+-------+-------++-------
Melee: War axe           |   104 |    21 ||   125
  Use: Scroll            |     2 |     2 ||     4
       Potion            |     1 |     7 ||     8
  Eat: Ration            |     1 |       ||     1
Armor: Scale mail        |    38 |     9 ||    47
Dodge: Dodged            |    33 |     8 ||    41
Block: Shield            |    59 |    13 ||    72

Table legend:
 A = Spawn XP
 B = Non-spawn XP
 C = Spawn XP percentage of total XP
 D = Spawn monster count
 E = Non-spawn monster count
 F = Spawn count percentage of total count
 G = Total turns spent on level
                    A         B        C        D         E        F      G
               +---------+---------+-------+---------+---------+-------+---------
         Total |       0 |     152 |   0.0 |       0 |      42 |   0.0 |  1808
               +---------+---------+-------+---------+---------+-------+---------
           D:1 |       0 |      45 |   0.0 |       0 |      26 |   0.0 |   490
           D:2 |       0 |     107 |   0.0 |       0 |      16 |   0.0 |  1304
               +---------+---------+-------+---------+---------+-------+---------
